 Dungeon Crawl Stone Soup version 0.31.0-11-ge490571c62 (webtiles) character file.

Game seed: 6719804429677911232

31948 qw the Spry (level 13, -6/65 HPs)
             Began as a Spriggan Hunter on Feb 3, 2024.
             Was a High Priest of Okawaru.
             Mangled by a red devil
             ... wielding a +3 trident
              (8 damage)
             ... on level 5 of the Lair of Beasts.
             The game lasted 00:04:14 (11502 turns).

qw the Spry (Spriggan Hunter)                      Turns: 11502, Time: 00:04:15

Health: -6/65      AC:  6    Str: 11    XL:     13   Next: 28%
Magic:  21/21      EV: 38    Int: 12    God:    Okawaru [*****.]
Gold:   739        SH:  0    Dex: 22    Spells: 12/12 levels left

rFire   + . .        b - +5 hand cannon (flame)
rCold   x . .        (no shield)
rNeg    . . .        d - +1 animal skin
rPois   .            (helmet restricted)
rElec   .            a - +0 cloak
rCorr   .            (gloves unavailable)
SInv    +            (boots unavailable)
Will    ++++.        (no amulet)
Stlth   ++           c - +5 ring of evasion
HPRegen 0.30/turn    q - ring "Raeppuam" {Fire Will++ Str+4}
MPRegen 0.17/turn

%: no passive effects
@: spiked, very quick
A: very small, no large weapons, unfitting armour, see invisible, speed 3, horns
1, iridescent scales 1
a: Renounce Religion, Heroism, Finesse, Duel


You were on level 5 of the Lair of Beasts.
You worshipped Okawaru.
Okawaru was extremely pleased with you.
You visited 3 branches of the dungeon, and saw 14 of its levels.
You also visited: Sewer.

You collected 739 gold pieces.


Innate Abilities, Weirdness & Mutations

You are very small and have problems with some larger weapons.
You are too small for most types of armour.
You have supernaturally acute eyesight. (SInv)
You cover ground extremely quickly. (Speed+++)
You have a pair of small horns on your head.
You are partially covered in iridescent scales. (AC +2)


   Skills:
 - Level 6.0 Fighting
 + Level 15.5 Ranged Weapons
 - Level 1.1 Armour
 - Level 16.0 Dodging
 - Level 1.5 Stealth
 - Level 10.0 Invocations


You had 12 spell levels left.
You didn't know any spells.
Your spell library was empty.

Inventory:

Hand Weapons
 b - a +5 hand cannon of flaming (weapon)
Armour
 a - a +0 cloak (worn)
 d - a +1 animal skin (worn)
Jewellery
 c - a +5 ring of evasion (left hand)
 h - an amulet of guardian spirit
 q - the ring "Raeppuam" (right hand) {Fire Will++ Str+4}
   (You acquired it on level 8 of the Dungeon)

   [ring of fire]

   Fire:      It enhances your fire magic.
   Str+4:     It affects your strength (+4).
   rF+:       It protects you from fire.
   rC-:       It makes you vulnerable to cold.
   Will++:    It greatly increases your willpower.
 Y - a ring of protection from cold
Wands
 f - a wand of charming (17)
Potions
 e - a potion of might
 g - a potion of mutation
 i - a potion of resistance
 j - a potion of ambrosia {unknown}
 k - a potion of cancellation
 m - a potion of berserk rage {unknown}
 n - 3 potions of curing
 o - 2 potions of haste
 p - a potion of lignification {unknown}

Dungeon Overview and Level Annotations

Branches:
Dungeon (8/15)             Temple (1/1) D:6            Lair (5/5) D:8
  Swamp (0/4) Lair:2        Snake (0/4) Lair:2        Sewer (visited)
  Slime: Lair:4-5

Altars:
Ashenzari
Cheibriados
Dithmenos
Elyvilon
Gozag
Hepliaklqana
Kikubaaqudgha
Makhleb
Okawaru
Qazlal
Ru
Sif Muna
Trog
Uskayaw
Vehumet
Wu Jian
Xom
Zin
The Shining One

Shops:
D:6 *

Portals:
Bailey: D:8

Annotations:
Lair:5 3 runed translucent doors, qw's ghost, journeyman DjHu


Message History

You shoot a bolt. The bolt hits the red devil!
You kill the red devil!
Okawaru accepts your kill. The hell hound breathes flames at you.
The blast of flame misses you. The red devil completely misses you.
You shoot a bolt. The bolt hits the hell hound!!
You kill the hell hound!
Okawaru accepts your kill. The red devil completely misses you.
You shoot a bolt. The bolt hits the ice devil!!
The bolt burns the ice devil!
You kill the ice devil!
Okawaru accepts your kill.
You carefully extract the barbed spikes from your body.
The red devil completely misses you.
The hellwing swoops through the air toward you!
The hellwing closely misses you. The hellwing completely misses you.
You shoot a bolt. The bolt hits the hellwing!
The bolt burns the hellwing.
The hellwing is moderately wounded.
The red devil completely misses you. The hellwing completely misses you.
The hellwing misses you.
You shoot a bolt.
The bolt hits the hellwing but does no damage.
The hellwing is moderately wounded.
The hellwing completely misses you. x2; The red devil completely misses you.
You shoot a bolt. The bolt barely misses the hellwing.
The hellwing completely misses you. x2; The red devil misses you.
You shoot a bolt. The bolt hits the hellwing!
The bolt burns the hellwing.
The hellwing is severely wounded.
The hellwing closely misses you. The hellwing completely misses you.
The red devil closely misses you.
You shoot a bolt. The bolt hits the hellwing!!
The bolt burns the hellwing.
You kill the hellwing!
Okawaru accepts your kill. The red devil closely misses you.
The red devil hits you from afar with a +3 trident!
Barbed spikes become lodged in your body.
You shoot a bolt. The bolt hits the red devil!!
The red devil is heavily wounded.
The red devil hits you from afar with a +3 trident!
You die...

# ยค~ ~~~## ##########
~.....#).......#
.h...4#..8.8...#
.hh...'...#.8..#
....4.#)4#.8...# .....
#.0.8.#..#
###############@08.#...#
#.............'.0.8.8..#
#....8....8...#........#7
#.............#########'77777
#######''###### 777P77.77
7.....7 777......?77 77...77
777(?..777...77 77..777
77.%.7777 7777..
777..77777.%.77


777 You could see a red devil.

Vanquished Creatures
  A dire elephant (Lair:5)
  3 hydras (Lair:5)
  2 boulder beetles
  A catoblepas (Lair:5)
  2 death yaks (Lair:5)
  Urug (Lair:3)
  Nergalle (Lair:3)
  A skyshark (Lair:4)
  An arcanist (Lair:5)
  7 elephants
  6 cane toads
  3 black mambas (Lair:4)
  An orange demon (Lair:5)
  2 torpor snails (Lair:5)
  3 rime drakes
  9 komodo dragons
  3 ice devils (Lair:5)
  A red devil (Lair:5)
  A hellwing (Lair:5)
  3 polar bears
  A hornet (Lair:3)
  Grinder (D:4)
  16 blink frogs
  3 wyverns
  A wraith (D:5)
  18 yaks
  3 basilisks
  2 steam dragons
  2 nagas (Lair:2)
  4 hell hounds (Lair:5)
  Edmund (D:5)
  10 water moccasins
  Duvessa (D:5)
  3 black bears
  A sky beast (D:6)
  An ice beast (D:5)
  An orc warrior (D:8)
  8 wolves
  3 ogres
  2 centaurs
  2 phantoms
  Blork the orc (D:4)
  2 kobold brigands
  10 bullfrogs
  A gnoll sergeant (D:8)
  5 scorpions
  9 wights
  Dowan (D:5)
  7 howler monkeys
  2 bombardier beetles
  A gnoll bouda (D:4)
  9 orc priests
  8 jellies
  A sleepcap (D:5)
  Ijyb (D:4)
  6 orc wizards
  Robin (D:3)
  8 gnolls
  2 river rats
  11 adders
  A shadow imp (D:5)
  A white imp (D:8)
  3 ribbon worms
  4 dart slugs
  13 orcs
  7 ball pythons
  4 bats
  24 endoplasms
  6 giant cockroaches
  15 goblins
  10 hobgoblins
  34 kobolds
  2 quokkas
  10 frilled lizards
  9 rats
365 creatures vanquished.

Notes
Turn   | Place    | Note
-------+----------+-------------------------------------------
     0 | D:1      | qw the Spriggan Hunter began the quest for the Orb.
     0 | D:1      | Reached XP level 1. HP: 10/10 MP: 2/2
     0 | D:1      | 0 ||| qw: Version: 0.3-a-155-g5e7d8dd
     0 | D:1      | 0 ||| qw: Game counter: 3154
     0 | D:1      | 0 ||| qw: Melee chars always use a shield: true
     0 | D:1      | 0 ||| qw: God list: Okawaru
     0 | D:1      | 0 ||| qw: Allow faded altars: false
     0 | D:1      | 0 ||| qw: Do Orc after clearing Dungeon:15 true
     0 | D:1      | 0 ||| qw: Do second Lair branch before Depths: true
     0 | D:1      | 0 ||| qw: Lair rune preference: random
     0 | D:1      | 0 ||| qw: Goals: Normal
     0 | D:1      | 0 ||| PLANNING D:1-11
    53 | D:1      | Reached skill level 3 in Dodging
    77 | D:1      | Reached XP level 2. HP: 14/14 MP: 3/3
   270 | D:1      | Reached skill level 4 in Dodging
   849 | D:1      | 849 ||| UPGRADING to amulet of guardian spirit.
   854 | D:1      | 854 ||| READING scroll labelled UMOBLICLIJ.
   855 | D:1      | 855 ||| READING scroll labelled FOMEPSO GINURGH.
   856 | D:1      | 856 ||| DROPPING scroll of butterflies.
   917 | D:2      | 917 ||| STAIRDANCE
   932 | D:2      | Reached XP level 3. HP: 9/18 MP: 2/4
   941 | D:2      | 941 ||| STAIRDANCE
  1255 | D:2      | Found an opulent altar of Gozag.
  1410 | D:2      | 1410 ||| DROPPING +6 ring of intelligence.
  1411 | D:2      | 1411 ||| READING 3 scrolls labelled GECZU WUOMP.
  1412 | D:2      | 1412 ||| READING scroll labelled QUWNUX IJAUSAI.
  1435 | D:2      | 1435 ||| READING scroll labelled WIOJE XIPENI.
  1436 | D:2      | 1436 ||| DRINKING 2 fuming white potions.
  1436 | D:2      | Gained mutation: You have a pair of small horns on your
                  | head. [potion of mutation]
  1436 | D:2      | Gained mutation: You are partially covered in iridescent
                  | scales. (AC +2) [potion of mutation]
  1437 | D:2      | 1437 ||| DRINKING 3 fuming ruby potions.
  1438 | D:2      | 1438 ||| DROPPING 2 scrolls of immolation.
  1443 | D:3      | Found a glowing drain.
  1444 | D:3      | 1444 ||| PLANNING SEWER
  1446 | D:3      | 1446 ||| STAIRDANCE
  1455 | D:3      | 1455 ||| STAIRDANCE
  1486 | D:3      | 1486 ||| STAIRDANCE
  1498 | D:3      | 1498 ||| STAIRDANCE
  1553 | D:3      | 1553 ||| STAIRDANCE
  1577 | D:3      | 1577 ||| STAIRDANCE
  1584 | D:3      | Noticed Robin
  1589 | D:3      | 1589 ||| STAIRDANCE
  1600 | D:3      | 1600 ||| STAIRDANCE
  1624 | D:3      | Killed Robin
  1625 | D:3      | Reached XP level 4. HP: 22/22 MP: 5/5
  1795 | D:3      | Found a hazy altar of Hepliaklqana.
  1819 | D:3      | Found a burning altar of Makhleb.
  2035 | D:3      | Reached skill level 5 in Dodging
  2067 | D:3      | 2067 ||| UPGRADING to +1 animal skin.
  2077 | D:3      | 2077 ||| DROPPING +0 robe.
  2078 | D:3      | 2078 ||| DROPPING amulet of magic regeneration.
  2079 | D:3      | 2079 ||| READING scroll labelled SOGOSAO KOCUAN.
  2079 | D:3      | Identified a scroll of acquirement
  2079 | D:3      | 2079 ||| ACQUIRING +2 antimagic hand cannon
  2079 | D:3      | Acquired a +2 antimagic hand cannon
  2080 | D:3      | 2080 ||| READING 2 scrolls labelled JEN SEMAUSO.
  2080 | D:3      | 2080 ||| IDENTIFYING emerald potion
  2081 | D:3      | 2081 ||| READING scroll of identify.
  2081 | D:3      | 2081 ||| IDENTIFYING bubbling pink potion
  2082 | D:3      | 2082 ||| READING scroll labelled XIKHOA GADOSS.
  2122 | D:3      | 2122 ||| SWAPPING to +2 antimagic hand cannon.
  2123 | D:3      | 2123 ||| DROPPING +0 shortbow.
  2125 | Sewer    | Entered a sewer
  2199 | Sewer    | Reached XP level 5. HP: 26/26 MP: 2/6
  2267 | Sewer    | Reached skill level 6 in Ranged Weapons
  2273 | Sewer    | Found a viscous altar of Jiyva.
  2279 | Sewer    | Identified the +0 pair of boots of Ynotemm {rElec rF- rC+++
                  | Int+2}
  2291 | Sewer    | Reached XP level 6. HP: 30/30 MP: 2/7
  2357 | Sewer    | 2357 ||| READING scroll of identify.
  2357 | Sewer    | 2357 ||| IDENTIFYING brown potion
  2358 | Sewer    | 2358 ||| READING scroll labelled COAFUCV EMO QEKLIG.
  2359 | Sewer    | 2359 ||| READING scroll labelled KEUXIQ ULIHU.
  2359 | Sewer    | 2359 ||| BRANDING +2 antimagic hand cannon.
  2409 | Sewer    | 2409 ||| DRINKING 2 ruby potions.
  2410 | Sewer    | 2410 ||| DROPPING potion of magic.
  2426 | D:3      | 2426 ||| PLANNING D:1-11
  2538 | D:4      | Reached skill level 6 in Dodging
  2625 | D:4      | 2625 ||| RETREEEEATING.
  2626 | D:4      | 2626 ||| RETREEEEATING.
  2628 | D:4      | Noticed Grinder
  2629 | D:4      | 2629 ||| RETREEEEATING.
  2631 | D:4      | 2631 ||| RETREEEEATING.
  2632 | D:4      | 2632 ||| RETREEEEATING.
  2635 | D:4      | 2635 ||| DRINKING 2 potions of haste.
  2639 | D:4      | Reached XP level 7. HP: 29/35 MP: 6/8
  2644 | D:4      | Killed Grinder
  2645 | D:4      | Reached skill level 8 in Dodging
  2686 | D:4      | Identified the flux talisman of Azayblas {Int+4 Dex+4}
  2962 | D:4      | Noticed Blork the orc
  2965 | D:4      | 2965 ||| DRINKING potion of haste.
  2969 | D:4      | Killed Blork the orc
  2970 | D:4      | Reached XP level 8. HP: 36/39 MP: 6/9
  3019 | D:4      | Noticed Ijyb
  3023 | D:4      | 3023 ||| DRINKING potion of curing.
  3023 | D:4      | 3023 ||| (to cure confusion)
  3025 | D:4      | Killed Ijyb
  3026 | D:4      | Reached skill level 3 in Fighting
  3201 | D:4      | 3201 ||| UPGRADING to +5 ring of evasion.
  3202 | D:4      | 3202 ||| READING scroll labelled QOCOTE NAELIKA.
  3202 | D:4      | 3202 ||| ENCHANTING +2 hand cannon of flaming.
  3209 | D:5      | Entered Level 5 of the Dungeon
  3313 | D:5      | Found a stormy altar of Qazlal.
  3361 | D:5      | Found a white marble altar of Elyvilon.
  3363 | D:5      | Found a glowing golden altar of the Shining One.
  3363 | D:5      | Noticed Edmund
  3366 | D:5      | Killed Edmund
  3367 | D:5      | Reached skill level 9 in Ranged Weapons
  3371 | D:5      | Found a glowing silver altar of Zin.
  3395 | D:5      | Noticed Dowan
  3396 | D:5      | Noticed Duvessa
  3397 | D:5      | Killed Duvessa
  3399 | D:5      | Reached skill level 9 in Dodging
  3403 | D:5      | Killed Dowan
  3847 | D:5      | 3847 ||| RETREEEEATING.
  3850 | D:5      | 3850 ||| RETREEEEATING.
  3856 | D:5      | Reached XP level 9. HP: 44/44 MP: 10/10
  3903 | D:5      | Found a snail-covered altar of Cheibriados.
  4197 | D:5      | 4197 ||| READING scroll of identify.
  4197 | D:5      | 4197 ||| IDENTIFYING lumpy clear potion
  4198 | D:5      | 4198 ||| READING scroll labelled WOAF NIWEUJA.
  4299 | D:5      | 4299 ||| READING scroll labelled QIXAZAHYMA.
  4300 | D:5      | 4300 ||| READING scroll labelled VIEKHL ZOGEC.
  4301 | D:5      | 4301 ||| DROPPING potion of degeneration.
  4302 | D:5      | 4302 ||| DROPPING wand of flame (9).
  4304 | D:5      | 4304 ||| Stepping ~*~*~tactically~*~*~ (cloud).
  4533 | D:6      | Reached skill level 10 in Dodging
  4566 | D:6      | Found a staircase to the Ecumenical Temple.
  4568 | D:6      | 4568 ||| PLANNING TEMPLE
  4568 | D:6      | 4568 ||| UPGRADING to ring of protection from cold.
  4577 | Temple   | Entered the Ecumenical Temple
  4578 | Temple   | 4578 ||| PLANNING D:1-11
  4646 | D:6      | 4646 ||| FLEEEEING.
  4647 | D:6      | 4647 ||| FLEEEEING.
  4649 | D:6      | 4649 ||| FLEEEEING.
  4650 | D:6      | 4650 ||| FLEEEEING.
  4651 | D:6      | 4651 ||| FLEEEEING.
  4652 | D:6      | 4652 ||| FLEEEEING.
  4654 | D:6      | 4654 ||| FLEEEEING.
  4655 | D:6      | 4655 ||| FLEEEEING.
  4656 | D:6      | 4656 ||| FLEEEEING.
  4659 | D:6      | 4659 ||| FLEEEEING.
  4660 | D:6      | 4660 ||| FLEEEEING.
  4661 | D:6      | 4661 ||| STAIRDANCE
  4802 | D:6      | Found a snail-covered altar of Cheibriados.
  4903 | D:6      | Found an opulent altar of Gozag.
  4907 | D:6      | Found Gozag's Platinum Reserve.
  4915 | D:6      | 4915 ||| SHOPLISTING ring "Cigoiliz" {Ice Str+4} (4040
                  | gold, have 308).
  5056 | D:6      | Found an ornate altar of the Wu Jian Council.
  5312 | D:6      | 5312 ||| READING scroll labelled ZEXKAI JAGGE.
  5312 | D:6      | 5312 ||| ENCHANTING +3 hand cannon of flaming.
  5313 | D:6      | 5313 ||| DRINKING 2 grey potions.
  5331 | D:7      | Reached skill level 11 in Dodging
  5354 | D:7      | Found an iron altar of Okawaru.
  5355 | D:7      | 5355 ||| PLANNING OKAWARU WORSHIP
  5362 | D:7      | Became a worshipper of Warmaster Okawaru
  5363 | D:7      | 5363 ||| PLANNING D:1-11
  5363 | D:7      | 5363 ||| REMOVING amulet of guardian spirit.
  5481 | D:7      | 5481 ||| RETREEEEATING.
  5641 | D:7      | Found a radiant altar of Vehumet.
  5649 | D:7      | Found an ancient bone altar of Kikubaaqudgha.
  5650 | D:7      | Reached * piety under Okawaru
  5656 | D:7      | Found a shimmering blue altar of Sif Muna.
  5795 | D:8      | 5795 ||| RETREEEEATING.
  5797 | D:8      | 5797 ||| RETREEEEATING.
  5803 | D:8      | Reached skill level 1 in Invocations
  5962 | D:8      | Reached XP level 10. HP: 49/49 MP: 12/12
  6017 | D:8      | Reached skill level 12 in Dodging
  6046 | D:8      | Reached skill level 3 in Invocations
  6062 | D:8      | 6062 ||| RETREEEEATING.
  6063 | D:8      | 6063 ||| RETREEEEATING.
  6075 | D:8      | Noticed an elephant
  6076 | D:8      | 6076 ||| INVOKING Heroism.
  6079 | D:8      | Killed an elephant
  6079 | D:8      | Reached ** piety under Okawaru
  6109 | D:8      | Found a staircase to the Lair.
  6181 | D:8      | 6181 ||| READING scroll of acquirement.
  6181 | D:8      | 6181 ||| ACQUIRING ring "Raeppuam" {Fire Will++ Str+4}
  6181 | D:8      | Acquired the ring "Raeppuam" {Fire Will++ Str+4}
  6183 | D:8      | 6183 ||| UPGRADING to ring "Raeppuam" {Fire Will++ Str+4}.
  6195 | D:8      | Found a flagged portal.
  6355 | D:8      | 6355 ||| PLANNING LAIR
  6355 | D:8      | 6355 ||| READING scroll of identify.
  6355 | D:8      | 6355 ||| IDENTIFYING murky sapphire potion
  6356 | D:8      | 6356 ||| DROPPING potion of invisibility.
  6368 | Lair:1   | Entered Level 1 of the Lair of Beasts
  6371 | Lair:1   | 6371 ||| INVOKING Heroism.
  6402 | Lair:1   | 6402 ||| RETREEEEATING.
  6403 | Lair:1   | 6403 ||| RETREEEEATING.
  6403 | Lair:1   | Noticed a cane toad
  6404 | Lair:1   | 6404 ||| RETREEEEATING.
  6405 | Lair:1   | 6405 ||| RETREEEEATING.
  6406 | Lair:1   | 6406 ||| RETREEEEATING.
  6407 | Lair:1   | 6407 ||| RETREEEEATING.
  6408 | Lair:1   | 6408 ||| RETREEEEATING.
  6409 | Lair:1   | 6409 ||| INVOKING Heroism.
  6421 | Lair:1   | Killed a cane toad
  6422 | Lair:1   | Reached skill level 12 in Ranged Weapons
  6801 | Lair:1   | 6801 ||| RETREEEEATING.
  6802 | Lair:1   | 6802 ||| RETREEEEATING.
  6803 | Lair:1   | 6803 ||| RETREEEEATING.
  6804 | Lair:1   | 6804 ||| RETREEEEATING.
  6805 | Lair:1   | 6805 ||| RETREEEEATING.
  6806 | Lair:1   | 6806 ||| RETREEEEATING.
  6807 | Lair:1   | 6807 ||| RETREEEEATING.
  6808 | Lair:1   | 6808 ||| RETREEEEATING.
  6809 | Lair:1   | 6809 ||| RETREEEEATING.
  6810 | Lair:1   | 6810 ||| RETREEEEATING.
  6811 | Lair:1   | 6811 ||| RETREEEEATING.
  6812 | Lair:1   | 6812 ||| RETREEEEATING.
  6833 | Lair:1   | Reached *** piety under Okawaru
  6889 | Lair:1   | 6889 ||| READING scroll of enchant weapon.
  6889 | Lair:1   | 6889 ||| ENCHANTING +3 hand cannon of flaming.
  7262 | Lair:1   | 7262 ||| UPGRADING to +0 cloak.
  7300 | Lair:2   | Reached skill level 13 in Dodging
  7314 | Lair:2   | Noticed a boulder beetle
  7315 | Lair:2   | 7315 ||| INVOKING Heroism.
  7321 | Lair:2   | Killed a boulder beetle
  7321 | Lair:2   | Reached **** piety under Okawaru
  7322 | Lair:2   | Reached XP level 11. HP: 33/55 MP: 13/15
  7632 | Lair:2   | 7632 ||| RETREEEEATING.
  7633 | Lair:2   | 7633 ||| RETREEEEATING.
  7634 | Lair:2   | 7634 ||| RETREEEEATING.
  7636 | Lair:2   | 7636 ||| RETREEEEATING.
  7637 | Lair:2   | 7637 ||| RETREEEEATING.
  7638 | Lair:2   | 7638 ||| RETREEEEATING.
  7639 | Lair:2   | 7639 ||| RETREEEEATING.
  7754 | Lair:2   | Found a staircase to the Snake Pit.
  7785 | Lair:2   | Found a staircase to the Swamp.
  7785 | Lair:2   | Noticed an alligator
  7786 | Lair:2   | 7786 ||| RETREEEEATING.
  8281 | Lair:2   | 8281 ||| READING scroll labelled ZIYHEDAINI.
  8323 | Lair:3   | Reached ***** piety under Okawaru
  8326 | Lair:3   | 8326 ||| RETREEEEATING.
  8327 | Lair:3   | 8327 ||| RETREEEEATING.
  8328 | Lair:3   | 8328 ||| RETREEEEATING.
  8333 | Lair:3   | 8333 ||| RETREEEEATING.
  8340 | Lair:3   | Reached skill level 6 in Invocations
  8452 | Lair:3   | 8452 ||| RETREEEEATING.
  8452 | Lair:3   | Noticed Nergalle
  8454 | Lair:3   | 8454 ||| ZAPPING wand of light (2) at 2,5 (Nergalle;
                  | floor).
  8455 | Lair:3   | 8455 ||| ZAPPING wand of light (1) at 2,4 (Nergalle;
                  | floor).
  8458 | Lair:3   | 8458 ||| INVOKING Finesse.
  8465 | Lair:3   | Killed Nergalle
  8466 | Lair:3   | Reached skill level 14 in Dodging
  8586 | Lair:3   | Received a gift from Okawaru
  8589 | Lair:3   | 8589 ||| RETREEEEATING.
  8590 | Lair:3   | 8590 ||| RETREEEEATING.
  8591 | Lair:3   | 8591 ||| RETREEEEATING.
  8592 | Lair:3   | 8592 ||| RETREEEEATING.
  8593 | Lair:3   | 8593 ||| RETREEEEATING.
  8706 | Lair:3   | Identified the +5 falchion of Responsibility {holy, Str+3
                  | Dex+2}
  9080 | Lair:3   | 9080 ||| READING scroll of identify.
  9080 | Lair:3   | 9080 ||| IDENTIFYING fuming coppery potion
  9081 | Lair:3   | 9081 ||| DROPPING potion of attraction.
  9098 | Lair:4   | Noticed Urug
  9098 | Lair:4   | Noticed a skyshark
  9099 | Lair:4   | 9099 ||| INVOKING Finesse.
  9105 | Lair:4   | 9105 ||| STAIRDANCE
  9108 | Lair:3   | Killed Urug
  9109 | Lair:3   | Reached XP level 12. HP: 57/60 MP: 14/19
  9146 | Lair:4   | 9146 ||| INVOKING Finesse.
  9457 | Lair:4   | Received a gift from Okawaru
  9645 | Lair:4   | Noticed a boulder beetle
  9646 | Lair:4   | 9646 ||| RETREEEEATING.
  9647 | Lair:4   | 9647 ||| RETREEEEATING.
  9648 | Lair:4   | 9648 ||| RETREEEEATING.
  9651 | Lair:4   | 9651 ||| RETREEEEATING.
  9653 | Lair:4   | 9653 ||| RETREEEEATING.
  9654 | Lair:4   | 9654 ||| RETREEEEATING.
  9657 | Lair:4   | 9657 ||| RETREEEEATING.
  9662 | Lair:4   | 9662 ||| RETREEEEATING.
  9664 | Lair:4   | 9664 ||| RETREEEEATING.
  9668 | Lair:4   | 9668 ||| RETREEEEATING.
  9669 | Lair:4   | 9669 ||| RETREEEEATING.
  9670 | Lair:4   | 9670 ||| RETREEEEATING.
  9671 | Lair:4   | 9671 ||| RETREEEEATING.
  9672 | Lair:4   | 9672 ||| RETREEEEATING.
  9673 | Lair:4   | 9673 ||| RETREEEEATING.
  9674 | Lair:4   | 9674 ||| RETREEEEATING.
  9675 | Lair:4   | 9675 ||| RETREEEEATING.
  9677 | Lair:4   | 9677 ||| RETREEEEATING.
  9678 | Lair:4   | 9678 ||| RETREEEEATING.
  9679 | Lair:4   | 9679 ||| RETREEEEATING.
  9683 | Lair:4   | Reached skill level 9 in Invocations
  9687 | Lair:4   | 9687 ||| RETREEEEATING.
  9688 | Lair:4   | 9688 ||| RETREEEEATING.
  9689 | Lair:4   | 9689 ||| RETREEEEATING.
  9690 | Lair:4   | 9690 ||| RETREEEEATING.
  9691 | Lair:4   | 9691 ||| RETREEEEATING.
  9692 | Lair:4   | 9692 ||| RETREEEEATING.
  9693 | Lair:4   | 9693 ||| RETREEEEATING.
  9693 | Lair:4   | HP: 14/60 [elephant (8)]
  9694 | Lair:4   | 9694 ||| READING 3 scrolls of teleportation.
  9695 | Lair:4   | 9695 ||| DRINKING potion of heal wounds.
  9696 | Lair:4   | 9696 ||| RETREEEEATING.
 10376 | Lair:4   | 10376 ||| INVOKING Finesse.
 10408 | Lair:4   | 10408 ||| RETREEEEATING.
 10409 | Lair:4   | 10409 ||| RETREEEEATING.
 10411 | Lair:4   | 10411 ||| RETREEEEATING.
 10413 | Lair:4   | 10413 ||| RETREEEEATING.
 10414 | Lair:4   | 10414 ||| RETREEEEATING.
 10420 | Lair:4   | 10420 ||| INVOKING Finesse.
 10422 | Lair:4   | Reached skill level 6 in Fighting
 10434 | Lair:4   | Killed a boulder beetle
 10539 | Lair:4   | 10539 ||| DRINKING 2 amethyst potions.
 10569 | Lair:5   | Entered Level 5 of the Lair of Beasts
 10572 | Lair:5   | 10572 ||| STAIRDANCE
 10582 | Lair:5   | 10582 ||| STAIRDANCE
 10612 | Lair:5   | 10612 ||| STAIRDANCE
 10619 | Lair:4   | HP: 15/61 [black mamba (2)]
 10620 | Lair:4   | 10620 ||| READING 2 scrolls of teleportation.
 10624 | Lair:4   | HP: 8/61 [poisoned by a black mamba]
 10666 | Lair:4   | 10666 ||| FLEEEEING.
 10667 | Lair:4   | 10667 ||| FLEEEEING.
 10668 | Lair:4   | 10668 ||| FLEEEEING.
 10893 | Lair:5   | 10893 ||| STAIRDANCE
 10898 | Lair:5   | 10898 ||| STAIRDANCE
 10903 | Lair:5   | 10903 ||| STAIRDANCE
 10955 | Lair:5   | 10955 ||| STAIRDANCE
 10963 | Lair:5   | Noticed a death yak
 10964 | Lair:5   | 10964 ||| INVOKING Finesse.
 10969 | Lair:5   | Noticed a death yak
 10974 | Lair:5   | Killed a death yak
 10975 | Lair:5   | Reached skill level 15 in Dodging
 10975 | Lair:5   | Noticed a death yak
 10979 | Lair:5   | Noticed a death yak
 10982 | Lair:5   | HP: 14/61 [death yak (19)]
 10983 | Lair:5   | 10983 ||| READING scroll of teleportation.
 10984 | Lair:5   | Killed a death yak
 10989 | Lair:5   | Received a gift from Okawaru
 11147 | Lair:5   | 11147 ||| READING scroll of enchant weapon.
 11147 | Lair:5   | 11147 ||| ENCHANTING +4 hand cannon of flaming.
 11152 | Lair:5   | Identified the +4 quarterstaff of Slime {heavy, rPois rF+
                  | Str+3 Int+2}
 11164 | Lair:5   | Noticed a catoblepas
 11165 | Lair:5   | 11165 ||| INVOKING Finesse.
 11172 | Lair:5   | Noticed a four-headed hydra
 11183 | Lair:5   | Killed a catoblepas
 11185 | Lair:5   | Killed a four-headed hydra
 11280 | Lair:5   | Found a runed translucent gate.
 11281 | Lair:5   | Found a runed translucent gate.
 11281 | Lair:5   | Found a runed translucent gate.
 11284 | Lair:5   | Noticed qw's ghost (journeyman DjHu)
 11300 | Lair:5   | 11300 ||| INVOKING Finesse.
 11304 | Lair:5   | Reached skill level 15 in Ranged Weapons
 11311 | Lair:5   | Reached skill level 1 in Armour
 11311 | Lair:5   | Reached XP level 13. HP: 65/65 MP: 16/21
 11345 | Lair:5   | 11345 ||| INVOKING Finesse.
 11362 | Lair:5   | Noticed a dire elephant
 11374 | Lair:5   | Killed a dire elephant
 11409 | Lair:5   | Received a gift from Okawaru
 11410 | Lair:5   | Reached skill level 16 in Dodging
 11466 | Lair:5   | Found a burning altar of Makhleb.
 11468 | Lair:5   | 11468 ||| RETREEEEATING.
 11469 | Lair:5   | 11469 ||| RETREEEEATING.
 11472 | Lair:5   | 11472 ||| RETREEEEATING.
 11473 | Lair:5   | 11473 ||| RETREEEEATING.
 11475 | Lair:5   | 11475 ||| RETREEEEATING.
 11482 | Lair:5   | 11482 ||| RETREEEEATING.
 11492 | Lair:5   | HP: 12/65 [red devil/+0 trident (16)]
 11501 | Lair:5   | HP: 2/65 [red devil/+3 trident (13)]
 11502 | Lair:5   | Mangled by a red devil

Levels and vault maps discovered:
D:1:      onia_arrival_pyramid, layout_basic
D:2:      layout_basic, basic_altar, minivault_19, kennysheep_decorative_pillar
D:3:      layout_rooms, amcnicky_altar_gilded, nicolae_hepliaklqana_hazy_memory,
          portal_sewer_entry_c, uniq_robin, uniq_crazy_yiuf_cottage
D:4:      layout_loops_ring, minmay_quadrilaterals, uniq_grinder,
          uniq_blork_the_orc, uniq_ijyb
D:5:      kennysheep_kobold_camp, layout_loops_ring, good_gods_temple_1,
          mainiacjoe_overflow_concentric_impassable, grunt_decor_cap,
          serial_library_hellmonk_double_dead_end, dreamdust_mushroom_princess,
          minmay_ruined_shrine, uniq_duvessa, uniq_edmund
D:6:      layout_basic, slow_altar_1, mainiacjoe_overflow_tiny_flanked,
          nicolae_gozag_zags_fifth_avenue, minmay_temple_entry_antechambers
D:7:      layout_gridville, palyth_temple_overflow_mages,
          kennysheep_okawaru_gauntlet, minmay_holes
D:8:      layout_cave_pools, david_lair_generic, enter_bailey_4,
          minmay_misc_feat_rugged
Temple:   nicolae_temple_bog_church
Lair:1:   layout_cave_pods, serial_bayou_pond_e, lemuel_old_faithful
Lair:2:   layout_cave_pods, mainiacjoe_swamp_entry_lozenge_pond,
          guppyfry_snake_entry_island, grunt_forest_small_clearing_treed,
          grunt_megastairs_5, infiniplex_staircase_pool_2
Lair:3:   layout_concentric_octagons, pond, uniq_nergalle
Lair:4:   layout_layer_cave, chequers_serial_rivers_marsh, grunt_megastairs_1,
          uniq_urug
Lair:5:   evil_forest, layout_regular_city, nicolae_slime_entry_slimehenge,
          gammafunk_ghost_necromancy, minmay_lindwurm_lava

Skill      XL: |  1  2  3  4  5  6  7  8  9 10 11 12 13 |
---------------+----------------------------------------+-----
Dodging        | 3 4 5 6 8 9 11 13 14 15 16 | 16.0
Ranged Weapons | 5 6 7 8 10 11 12 13 15 | 15.5
Fighting       | 2 3 4 5 6 |  6.0
Invocations    | 2 4 8 10 | 10.0
Armour         | 1 |  1.1
Stealth        | |  1.5

Action                     |  1- 3 |  4- 6 |  7- 9 | 10-12 | 13-15 || total
---------------------------+-------+-------+-------+-------+-------++-------
   Fire: Shortbow          |   133 |    43 |       |       |       ||   176
         Hand cannon       |       |    77 |   234 |   457 |    78 ||   846
 Invoke: Heroism           |       |       |       |     4 |       ||     4
         Finesse           |       |       |       |     8 |     1 ||     9
  Evoke: Wand              |       |       |       |     2 |       ||     2
    Use: Scroll            |     5 |     7 |     6 |     9 |       ||    27
         Potion            |     2 |     2 |     3 |     2 |       ||     9
 Armour: Robe              |    29 |     7 |       |       |       ||    36
         Animal skin       |       |     5 |    22 |    63 |     9 ||    99
  Dodge: Dodged            |    72 |    51 |   115 |   351 |    87 ||   676

Table legend:
 A = Non-vault XP
 B = Vault XP
 C = Vault XP percentage of total XP
 D = Non-vault monster count
 E = Vault monster count
 F = Vault count percentage of total count
                 A         B        C        D         E       F
            +---------+---------+-------+---------+---------+-------
      Total |   29277 |   16364 |  35.9 |     217 |     148 |  40.5
            +---------+---------+-------+---------+---------+-------
        D:1 |      38 |       0 |   0.0 |      19 |       0 |   0.0
        D:2 |      28 |      19 |  40.4 |      14 |      10 |  41.7
        D:3 |      24 |      38 |  61.3 |       7 |       7 |  50.0
        D:4 |     737 |     534 |  42.0 |      27 |       9 |  25.0
        D:5 |     559 |     852 |  60.4 |       7 |      29 |  80.6
        D:6 |     682 |      48 |   6.6 |       6 |       1 |  14.3
        D:7 |    1042 |     111 |   9.6 |      14 |       5 |  26.3
        D:8 |    1070 |     927 |  46.4 |      36 |       9 |  20.0
     Lair:1 |    3072 |       0 |   0.0 |      16 |       0 |   0.0
     Lair:2 |    3075 |    1905 |  38.3 |      12 |       7 |  36.8
     Lair:3 |    4769 |    2450 |  33.9 |      18 |       6 |  25.0
     Lair:4 |    8754 |     287 |   3.2 |      28 |       6 |  17.6
     Lair:5 |    5427 |    8920 |  62.2 |      13 |      27 |  67.5
      Sewer |       0 |     273 | 100.0 |       0 |      32 | 100.0
            +---------+---------+-------+---------+---------+-------
